 Dungeon Crawl Stone Soup version 0.27-a0-1525-g1038ab4 (webtiles) character file.

Game seed: 15631685288828213763

2 Think the Shield-Bearer (level 1, 0/16 HPs)
             Began as an Octopode Fighter on July 10, 2021.
             Frozen to death by an endoplasm (2 damage)
             ... on level 1 of the Dungeon.
             The game lasted 00:00:31 (57 turns).

Think the Shield-Bearer (Octopode Fighter)            Turns: 57, Time: 00:00:32

Health: 0/16       AC:  1    Str: 15    XL:     1   Next: 40%
Magic:  1/1        EV: 11    Int: 10    God:
Gold:   0          SH:  8    Dex: 11    Spells: 0/0 levels left

rFire    . . .     SeeInvis .   a - +0 rapier
rCold    . . .     Faith    .   b - +0 kite shield
rNeg     . . .     Spirit   .   (helmet restricted)
rPois    .         Reflect  .   (no amulet)
rElec    .         Harm     .   (no ring)
rCorr    .         Rampage  .   (no ring)
Will     .....                  (no ring)
Stlth    ++........             (no ring)
HPRegen  0.05/turn              (no ring)
MPRegen  0.07/turn              (no ring)
                                (no ring)
                                (no ring)

@: mighty
A: almost no armour, amphibious, 8 rings, camouflage 1, gelatinous body 1,
(nimble swimmer 1), tentacles
a: no special abilities


You were on level 1 of the Dungeon.
You visited 1 branch of the dungeon, and saw 1 of its levels.

Inventory:

Hand Weapons
 a - a +0 rapier (weapon)
Armour
 b - a +0 kite shield (worn)
Potions
 c - a potion of might


   Skills:
 - Level 3.0 Fighting
 + Level 2.2 Short Blades
 - Level 3.0 Dodging
 - Level 3.0 Shields


You couldn't memorise any spells.
You didn't know any spells.
Your spell library was empty.

Dungeon Overview and Level Annotations

Branches:
Dungeon (1/15)

Altars:


Innate Abilities, Weirdness & Mutations

You cannot wear most types of armour.
You are amphibious.
You can wear up to eight rings at the same time.
Your skin changes colour to match your surroundings (Stealth+).
Your rubbery body absorbs attacks. (AC +1, EV +1)
((You are camouflaged near water. (Stealth+)))
You have tentacles for arms and can constrict up to eight enemies at once.


Message History

You block the ball python's attack. You block the ball python's attack.
The ball python barely misses you. The ball python barely misses you.
The ball python misses you.
You closely miss the ball python. You grab the ball python.
You squeeze the ball python.
You kill the ball python!
You see here a ball python corpse.
HP restored.
A jackal is nearby!
A jackal is nearby!
A jackal and an endoplasm come into view.
You barely miss the jackal. Your grab misses the jackal.
The jackal closely misses you. The jackal misses you.
You puncture the jackal!
You kill the jackal!
You see here a jackal corpse.
A jackal comes into view.
The jackal barks! x3; You hear a shout!
The jackal closely misses you.
You hit the jackal but do no damage. You grab the jackal.
You constrict the jackal. You block the jackal's attack. x2
A rat comes into view.
You hit the jackal.
The jackal is moderately wounded.
You constrict the jackal. The jackal bites you. The endoplasm freezes you.
You are frozen.
You block the jackal's attack. The jackal bites you.
You are too injured to fight recklessly!
You release your grip on the jackal.
The jackal bites you.
A goblin comes into view. It is wielding a +0 club.
The jackal completely misses you.
You see here a jackal corpse.
The jackal closely misses you.
You feel very mighty all of a sudden. The jackal barely misses you.
The jackal bites you.
* * * LOW HITPOINT WARNING * * *
The jackal barely misses you. The endoplasm freezes you.
You are frozen.
You die...

.##......##.#..
#..........#.#
..r.........##.
..............#.
................
.....##.........
... #hh.......
.### #hJ.......
#.#..###@.(......
.................
.................
.........#########
.#........†......#
#...(...........#
###+###.........#
##...##.........#
##..8..#.........#


You could see an endoplasm and 3 jackals.

Vanquished Creatures
  A ball python (D:1)
  A jackal (D:1)
2 creatures vanquished.

Notes
Turn   | Place    | Note
-------+----------+-------------------------------------------
     0 | D:1      | Think the Octopode Fighter began the quest for the Orb.
     0 | D:1      | Reached XP level 1. HP: 16/16 MP: 1/1
    57 | D:1      | Frozen to death by an endoplasm

Illustrated notes

Levels and vault maps discovered:
D:1:      grunt_arrival_lava_bath, layout_basic,
          hellmonk_ecumenical_altar_pennies_from_heaven,
          minmay_misc_feat_rugged, minmay_misc_feat_secret_circle,
          minmay_stone_trees_small, minmay_pentomino_u2

Action                   || total
-------------------------++-------
Melee: Rapier            ||     5
       Constrict         ||     2
       Tentacles         ||     1
  Use: Potion            ||     1
Armor: Skin              ||     1
Dodge: Dodged            ||    12
Block: Kite shield       ||     7

Table legend: (Time is in decaauts)
 A = Elapsed time spent in this place.
 B = Non-inter-level travel time spent in this place.
 C = Inter-level travel time spent in this place.
 D = Time resting spent in this place.
 E = Time spent auto-exploring this place.
 F = Levels seen in this place.
 G = Mean time per level.
                   A        B        C        D        E       F      G
               +--------+--------+--------+--------+--------+-----+--------+
         Total |     58 |     58 |      0 |      0 |     32 |   1 |   58.0 |
       Dungeon |     58 |     58 |      0 |      0 |     32 |   1 |   58.0 |
               +--------+--------+--------+--------+--------+-----+--------+

Top non-repeatable levels by time:
     D:1: 58 daAuts
